 Dungeon Crawl Stone Soup version 0.18.1-50-g88ac8fd (webtiles) character file.

38759 Gargoyl the Corrupter of Planes (level 13, -12/106 HPs)
             Began as a Demonspawn Abyssal Knight on Sept 24, 2016.
             Was the Champion of Lugonu.
             Mangled by a death yak (15 damage)
             ... led by a torpor snail
             ... on level 8 of the Lair of Beasts.
             The game lasted 00:43:42 (18272 turns).

Gargoyl the Corrupter of Planes (DsAK)             Turns: 18272, Time: 00:43:43

Health: -12/106    AC: 25    Str: 22    XL:     13   Next: 65%
Magic:  22/22      EV: 12    Int: 14    God:    Lugonu [******]
Gold:   774        SH: 10    Dex: 13    Spells: 0 memorised, 12 levels left

rFire  + . .     SeeInvis .     T - +1 broad axe
rCold  . . .     Gourm    .     E - +2 plate armour {rF+}
rNeg   . . .     Faith    +     J - +0 shield
rPois  .         Spirit   .     f - +2 helmet
rElec  .         Dismiss  .     p - +2 cloak
rCorr  .         Reflect  .     (gloves unavailable)
SustAt .         Harm     .     (no boots)
MR     .....     Clarity  +     a - amulet of faith
Stlth  ..........               U - +4 ring of evasion
                                l - +5 ring of strength

@: slowed, very slow, not resistant to hostile enchantments, extremely
unstealthy
A: claws 3, hooves 1, rugged brown scales 1, clarity, demonic guardian 2,
powered by death 1, no device heal 1
a: Depart the Abyss, Bend Space, Banish, Corrupt, Enter the Abyss, Brand Weapon
With Distortion, Renounce Religion


You were on level 8 of the Lair of Beasts.
You worshipped Lugonu.
Lugonu was exalted by your worship.
You were not hungry.

You visited 2 branches of the dungeon, and saw 18 of its levels.
You visited the Abyss 3 times.
You also visited: Sewer.

You collected 1085 gold pieces.
You spent 311 gold pieces at shops.

Inventory:

Hand Weapons
 I - a +0 war axe of freezing
 T - a +1 broad axe (weapon)
Missiles
 h - 9 tomahawks
 m - 6 javelins (quivered)
Armour
 f - a +2 helmet (worn)
 p - a +2 cloak (worn)
 E - a +2 plate armour of fire resistance (worn)
 J - a +0 shield (worn)
Jewellery
 a - an amulet of faith (around neck)
 l - a +5 ring of strength (left claw)
 n - the ring "Yqapru Tuxat" {rF+ SInv}
   (You found it on level 5 of the Lair of Beasts)

   [ring of see invisible]

   It protects you from fire.
   It lets you see invisible.
 N - a cursed -3 ring of protection {unknown}
 U - a +4 ring of evasion (right claw)
Wands
 t - a wand of polymorph (15/24)
 y - a wand of teleportation (3/9)
 A - a wand of iceblast (9/15)
 B - a wand of digging (10/24)
 F - a wand of paralysis (11/24)
 L - a wand of teleportation (5/9)
 M - a wand of slowing (30/48)
 O - a wand of lightning (10/15)
 R - a wand of heal wounds (9/9)
Scrolls
 b - 2 scrolls of magic mapping
 e - 4 scrolls of fog
 o - 7 scrolls of remove curse
 v - 4 scrolls of fear
 x - 4 scrolls of teleportation
 K - a scroll of blinking
 W - 2 scrolls of recharging
Potions
 g - a potion of flight
 j - 2 potions of might
 k - 5 potions of brilliance
 q - 2 potions of resistance
 r - 12 potions of curing
 s - 3 potions of cancellation
 w - 4 potions of magic
 Y - a potion of haste
Books
 d - a book of Maledictions

   Spells                             Type                      Level
   a - Corona                         Hexes                        1
   b - Ensorcelled Hibernation        Hexes/Ice                    2
   c - Confuse                        Hexes                        3
   d - Tukima's Dance                 Hexes                        3
   e - Dazzling Spray                 Conjuration/Hexes            3
Comestibles
 c - 9 bread rations
 i - 3 beef jerkies
 z - 7 meat rations
 C - 3 royal jellies
 G - a slice of pizza
 Q - 14 fruits


   Skills:
 + Level 10.3 Fighting
 + Level 10.0 Axes
 + Level 2.1 Throwing
 * Level 12.5 Armour
 + Level 5.6 Dodging
 + Level 6.0 Shields
 * Level 12.5 Invocations


You had 12 spell levels left.
You didn't know any spells.

Dungeon Overview and Level Annotations

Branches:
Dungeon (10/15)            Temple (0/1) D:6            Lair (8/8) D:8
  Swamp (0/4) Lair:3       Spider (0/4) Lair:5        Slime (0/6) Lair:6
    Orc (0/2) D:9

Altars:
Ashenzari
Fedhas
Gozag
Nemelex Xobeh
Ru
Trog
Vehumet
Xom
Zin
The Shining One

Shops:
D:4 }   D:6 :   D:7 !

Portals:
Labyrinth: Lair:8
Ice
Cave: Lair:8


Innate Abilities, Weirdness & Mutations

You have claws for hands.
You are partially covered in rugged brown scales (AC +1, +3% HP).
A demonic guardian rushes to your aid.
You regenerate a little health from kills.
You have large cloven feet.
You possess an exceptional clarity of mind.
Potions and wands are less effective at restoring your health.


Message History

Your smoke demon gestures at the death yak.
The sticky flame hits the death yak.
The death yak appears unharmed.
The death yak is covered in liquid flames!
Eat which item? (? for menu, Esc to quit)
The death yak burns! x2; The death yak gores your smoke demon.
You block the crocodile's attack.
The torpor snail bites your smoke demon but does no damage.
The death yak gores your smoke demon!!
Your smoke demon dies!
The komodo dragon misses you.
You continue eating.
Magic restored.
The death yak burns!
The crocodile closely misses you. You block the komodo dragon's attack.
The crocodile misses you.
You continue eating.
The death yak burns!
The death yak stops burning.
You block the death yak's attack. The komodo dragon bites you!!
* * * LOW HITPOINT WARNING * * *
The crocodile bites you but does no damage.
The torpor snail barely misses you. The death yak gores you!
You die...

##....####.# #P#......
#.#.......# ##.......$.
###......#.##..#........
#..#.........# #........
##...........###.......P
#................#....P.
##PP...................PP
#..............l#t∩.#...P
....#...........@Y...)...
...#.............w#....).
..#..P...................
...##....................
......#.......P.P.∩......
....#..........P.........
....##.........#.........
................#.......
..............#


You could see a death yak, a torpor snail, a komodo dragon and a crocodile.

Vanquished Creatures
  4 death yaks
  A queen ant (Lair:5)
  2 elephants (Lair:6)
  4 black mambas
  6 spiny frogs
  7 komodo dragons
  10 blink frogs
  A centaur simulacrum (D:10)
  2 redbacks (Lair:5)
  16 yaks
  A basilisk (Lair:7)
  3 hippogriffs
  4 soldier ants (Lair:5)
  A small abomination (Abyss:2)
  6 swamp worms (Lair:3)
  A warg (D:9)
  6 water moccasins
  3 porcupines
  5 ice beasts
  2 sky beasts
  4 phantoms
  9 ogres
  The ghost of Drunkenshrew the Grave Robber, an amateur DrSk (D:3)
  12 centaurs
  9 wolves
  6 crocodiles
  16 giant frogs
  A gnoll sergeant (D:10)
  3 scorpions
  3 wights (D:10)
  An electric eel (Lair:3)
  6 howler monkeys
  2 crimson imps
  A giant frog zombie (D:7)
  5 lava snakes (Lair:7)
  12 hounds
  3 centaur skeletons
  7 jellies
  5 orc wizards
  A giant frog skeleton (D:5)
  4 orc priests
  Ijyb (D:2)
  Natasha (thrice) (D:2)
  4 iguanas
  26 worker ants
  25 sheep
  2 hound zombies (D:10)
  A hound skeleton (D:6)
  A worker ant zombie (D:10)
  11 adders
  12 gnolls
  70 river rats
  A shadow imp (D:6)
  3 oozes
  3 adder skeletons
  4 worms
  A dart slug (D:4)
  10 giant geckos
  23 orcs
  2 ball pythons
  4 giant cockroaches
  9 goblins
  3 hobgoblins
  7 jackals
  10 kobolds
  10 bats
  9 giant newts
  A quokka zombie (D:9)
  9 rats
  2 fungi
  A plant (Lair:1)
464 creatures vanquished.

Vanquished Creatures (collateral kills)
  Rupert (Lair:7)
  Maud (Lair:6)
  Harold (Lair:3)
  A hydra (Lair:3)
  8 death yaks
  Sonja (Lair:3)
  A hill giant (D:10)
  Pikel (D:6)
  2 elephants (Lair:6)
  2 spiny frogs
  2 rime drakes
  Prince Ribbit (Lair:1)
  3 trolls
  8 blink frogs
  Sigmund (D:2)
  A hippogriff (Lair:5)
  35 yaks
  3 basilisks
  2 wargs (D:9)
  3 soldier ants (Lair:5)
  A water moccasin (Lair:6)
  3 porcupines
  Purgy (Sewer)
  An ice beast (D:7)
  3 slaves (D:6)
  An ogre (D:5)
  2 centaurs (D:10)
  8 wolves
  A crocodile (Lair:3)
  An electric eel (D:8)
  4 orc priests
  5 hounds
  A worker ant (Lair:5)
  A killer bee zombie (D:9)
  2 gnolls (D:2)
  2 orcs
115 creatures vanquished.

Vanquished Creatures (others)
  3 hydras
  2 molten gargoyles (Lair:7)
  A polar bear (Lair:6)
  3 electric eels (D:8)
  2 fungi
  2 plants
13 creatures vanquished.

Grand Total: 592 creatures vanquished

Notes
Turn   | Place    | Note
--------------------------------------------------------------
     0 | Abyss:1  | Gargoyl the Demonspawn Abyssal Knight began the quest for the Orb.
     0 | Abyss:1  | Reached XP level 1. HP: 18/18 MP: 2/2
    78 | Abyss:1  | Noticed a rakshasa
    78 | D:1      | Escaped the Abyss
   297 | D:1      | Reached * piety under Lugonu
   348 | D:1      | Gained mutation: You have sharp fingernails. [demonic ancestry]
   348 | D:1      | Reached XP level 2. HP: 18/24 MP: 4/4
   552 | D:1      | Reached skill level 1 in Dodging
   843 | D:2      | Noticed Sigmund
   861 | D:1      | Gained mutation: A weak demonic guardian rushes to your aid. [demonic ancestry]
   861 | D:1      | Reached XP level 3. HP: 16/29 MP: 5/5
  1006 | D:2      | Killed Sigmund
  1006 | D:2      | Reached XP level 4. HP: 14/37 MP: 6/6
  1013 | D:2      | Gained mutation: You regenerate a little health from kills. [demonic ancestry]
  1013 | D:2      | Reached XP level 5. HP: 17/42 MP: 7/7
  1242 | D:2      | Noticed Natasha
  1249 | D:2      | Killed Natasha
  1721 | D:2      | Noticed Ijyb
  1723 | D:2      | Reached ** piety under Lugonu
  1738 | D:2      | Killed Ijyb
  1786 | D:2      | Noticed Natasha
  1791 | D:2      | Killed Natasha
  1820 | D:2      | Noticed Natasha
  1823 | D:2      | Killed Natasha
  1823 | D:2      | Reached XP level 6. HP: 45/48 MP: 8/8
  2157 | D:3      | Found Zin's Purification Station.
  2180 | D:3      | Found a glowing silver altar of Zin.
  2183 | D:3      | Bought a potion of curing for 90 gold pieces
  2259 | D:3      | Noticed Drunkenshrew's ghost (amateur DrSk)
  2284 | D:3      | Killed Drunkenshrew's ghost
  2344 | D:3      | Found a radiant altar of Vehumet.
  2345 | D:3      | Found a shattered altar of Ashenzari.
  2348 | D:3      | Found a shimmering altar of Xom.
  2432 | D:3      | Found a glowing drain.
  2440 | Sewer    | Entered a sewer
  2500 | Sewer    | Noticed Purgy
  2532 | Sewer    | Killed Purgy
  2784 | D:3      | Found a sacrificial altar of Ru.
  2852 | D:3      | Reached XP level 7. HP: 48/55 MP: 10/10
  2868 | D:4      | Reached *** piety under Lugonu
  3118 | D:4      | Found Nixaohy's Gadget Shop.
  3342 | D:4      | Found a sparkling altar of Nemelex Xobeh.
  3483 | D:5      | Entered Level 5 of the Dungeon
  3582 | D:5      | Reached skill level 5 in Fighting
  3674 | D:5      | Gained mutation: A demonic guardian rushes to your aid. [demonic ancestry]
  3674 | D:5      | Reached XP level 8. HP: 60/62 MP: 11/11
  3761 | D:5      | Reached skill level 5 in Invocations
  3925 | D:5      | Noticed a moth of wrath
  3938 | D:5      | Found a bloodstained altar of Trog.
  3952 | D:5      | Reached **** piety under Lugonu
  4035 | D:5      | Reached skill level 1 in Throwing
  4203 | D:6      | Found a staircase to the Ecumenical Temple.
  4225 | D:6      | Found Xant's Book Shoppe.
  4270 | D:6      | Noticed Pikel
  4292 | D:6      | Killed Pikel
  4292 | D:6      | Reached skill level 5 in Armour
  4292 | D:6      | Reached skill level 1 in Shields
  4371 | D:6      | Reached skill level 5 in Axes
  4680 | D:6      | Gained mutation: You are partially covered in rugged brown scales (AC +1, +3% HP). [demonic ancestry]
  4680 | D:6      | Reached XP level 9. HP: 53/71 MP: 13/13
  5279 | D:7      | Found Rithowol's Distillery.
  5282 | D:7      | Bought a potion of heal wounds for 65 gold pieces
  5282 | D:7      | Bought a potion of heal wounds for 65 gold pieces
  5282 | D:7      | Bought a potion of might for 52 gold pieces
  5282 | D:7      | Bought a potion of curing for 39 gold pieces
  5739 | D:8      | Noticed a troll
  5754 | D:8      | Killed a troll
  5777 | D:8      | Found a staircase to the Lair.
  6330 | D:8      | Found an opulent altar of Gozag.
  6743 | D:8      | Gained mutation: You have very sharp fingernails. [demonic ancestry]
  6743 | D:8      | Reached XP level 10. HP: 48/79 MP: 16/16
  6807 | D:9      | Found a staircase to the Orcish Mines.
  7557 | D:9      | Found a glowing golden altar of the Shining One.
  7760 | D:10     | Entered Level 10 of the Dungeon
  7760 | D:10     | Noticed a hill giant
  7765 | D:10     | Killed a hill giant
  7769 | D:10     | Reached ***** piety under Lugonu
  8859 | Lair:1   | Entered Level 1 of the Lair of Beasts
  8935 | Lair:1   | Gained mutation: You have claws for hands. [demonic ancestry]
  8935 | Lair:1   | Reached XP level 11. HP: 82/86 MP: 17/17
  9241 | Lair:1   | Noticed Prince Ribbit
  9250 | Lair:1   | Killed Prince Ribbit
  9264 | Lair:1   | Reached skill level 5 in Dodging
  9783 | Lair:1   | Reached ****** piety under Lugonu
 10090 | Lair:2   | Noticed a six-headed hydra
 10091 | Lair:2   | Banished a six-headed hydra
 10223 | Lair:2   | Reached skill level 10 in Invocations
 10423 | Lair:2   | Found a blossoming altar of Fedhas.
 10945 | Lair:3   | Reached skill level 10 in Armour
 11003 | Lair:3   | Noticed Sonja
 11441 | Lair:3   | HP: 4/89 [swamp worm (10)]
 11640 | Lair:3   | Cast into level 2 of the Abyss (Sonja)
 11640 | Abyss:2  | Found a corrupted altar of Lugonu.
 11732 | Abyss:3  | Found a corrupted altar of Lugonu.
 11755 | Abyss:3  | Noticed a thrashing horror
 11755 | Lair:3   | Escaped the Abyss
 11978 | Lair:3   | Noticed a seven-headed hydra
 11987 | Lair:3   | Noticed Harold
 11987 | Lair:3   | Killed a seven-headed hydra
 11987 | Lair:3   | Reached XP level 12. HP: 69/96 MP: 15/19
 11995 | Lair:3   | Killed Harold
 12004 | Lair:3   | Noticed a death yak
 12010 | Lair:3   | Noticed a death yak
 12012 | Lair:3   | Noticed a death yak
 12012 | Lair:3   | Killed a death yak
 12022 | Lair:3   | Killed a death yak
 12022 | Lair:3   | Killed a death yak
 12520 | Lair:3   | Found a staircase to the Swamp.
 12694 | Lair:3   | Killed Sonja
 13100 | Abyss:1  | Noticed an ice dragon
 13100 | Lair:3   | Escaped the Abyss
 13680 | Lair:4   | Found a sacrificial altar of Ru.
 14028 | Lair:4   | Noticed a death yak
 14028 | Lair:4   | Noticed a death yak
 14028 | Lair:4   | Noticed a death yak
 14029 | Lair:4   | Noticed a death yak
 14029 | Lair:4   | Noticed a death yak
 14042 | Lair:4   | Killed a death yak
 14043 | Lair:4   | Killed a death yak
 14054 | Lair:4   | Killed a death yak
 14065 | Lair:4   | Killed a death yak
 14069 | Lair:4   | Killed a death yak
 14552 | Lair:4   | Gained mutation: You possess an exceptional clarity of mind. [potion of beneficial mutation]
 14559 | Lair:4   | Gained mutation: You have large cloven feet. [potion of mutation]
 14559 | Lair:4   | Gained mutation: Potions and wands are less effective at restoring your health. [potion of mutation]
 14664 | Lair:5   | Noticed a queen ant
 14683 | Lair:5   | Killed a queen ant
 14683 | Lair:5   | Reached skill level 5 in Shields
 15208 | Lair:5   | Noticed a six-headed hydra
 15209 | Lair:5   | Banished a six-headed hydra
 15227 | Lair:5   | Reached XP level 13. HP: 95/105 MP: 19/21
 15239 | Lair:5   | Got an ancient steel ring
 15243 | Lair:5   | Identified the ring "Yqapru Tuxat" {rF+ SInv} (You found it on level 5 of the Lair of Beasts)
 15248 | Lair:5   | Found a hole to the Spider Nest.
 15635 | Lair:6   | Found a staircase to the Slime Pits.
 16291 | Lair:6   | Noticed Maud
 16336 | Lair:6   | Killed Maud
 16336 | Lair:6   | Reached skill level 10 in Fighting
 17255 | Lair:7   | Noticed Rupert
 17258 | Lair:7   | Paralysed by Rupert for 3 turns
 17271 | Lair:7   | Killed Rupert
 18094 | Lair:8   | Entered Level 8 of the Lair of Beasts
 18211 | Lair:8   | Reached skill level 10 in Axes
 18249 | Lair:8   | Found a frozen archway.
 18251 | Lair:8   | Found a labyrinth entrance.
 18272 | Lair:8   | HP: 3/106 [komodo dragon (22)]
 18272 | Lair:8   | Mangled by a death yak

Skill      XL: |  1  2  3  4  5  6  7  8  9 10 11 12 13 |
---------------+----------------------------------------+-----
Armour         | 2 3 4 5 7 9 10 11 12 | 12.5
Dodging        | 1 2 3 4 5 |  5.6
Fighting       | 4 5 6 7 8 9 10 | 10.3
Axes           | 2 3 5 7 8 9 10 | 10.0
Invocations    | 3 4 6 8 9 10 11 12 | 12.5
Throwing       | 1 2 |  2.1
Shields        | 1 2 3 4 5 6 |  6.0

Action                   |  1- 3 |  4- 6 |  7- 9 | 10-12 | 13-15 || total
-------------------------+-------+-------+-------+-------+-------++-------
Melee: Hand axe          |    65 |   231 |   531 |       |       ||   827
       War axe           |       |       |    78 |   639 |       ||   717
       Broad axe         |       |       |       |   384 |   408 ||   792
       Unarmed           |       |       |       |     1 |       ||     1
       Kick              |       |       |       |    52 |   160 ||   212
Throw: Tomahawk          |     7 |       |       |       |       ||     7
       Javelin           |       |       |    10 |     8 |       ||    18
Invok: Depart the Abyss  |     1 |       |       |     2 |       ||     3
       Banish            |       |       |     4 |     3 |     6 ||    13
       Enter the Abyss   |       |       |       |     1 |       ||     1
       Bend Space        |       |       |       |       |     1 ||     1
  Use: Scroll            |       |     5 |     8 |    11 |     6 ||    30
       Potion            |       |       |     1 |    17 |     3 ||    21
 Stab: Distracted        |       |       |       |     5 |     1 ||     6
  Eat: Chunk             |       |     6 |    11 |    14 |     6 ||    37
       Bread ration      |       |       |     1 |     3 |     2 ||     6
       Beef jerky        |       |       |       |     3 |       ||     3
Armor: Leather armour    |    40 |   101 |     8 |       |       ||   149
       Plate armour      |       |       |   516 |   776 |   292 ||  1584
Dodge: Dodged            |    45 |   173 |   275 |   715 |   238 ||  1446
Block: Buckler           |       |       |    70 |   347 |    31 ||   448
       Shield            |       |       |       |       |   210 ||   210
